[ AOE2 MATCH · #478559789 ]
UnrankedPersians vs Dravidians
[ REPLAY ANALYSIS · EXTRACTED FROM THE RECORDED GAME ]
Feudal
13:28
Castle
16:45
Imperial
—
| APM avg | 55.6 |
| APM peak | 83 |
| eAPM avg | 29.5 |
| Villagers / military | 184 / 51 |
Focus
⚔️ 38.2% · 🌾 61.8%
Knight ×34 · Fishing Ship ×17 · Unknown (2626) ×12 · Battering Ram ×11 · Monk ×4 · Mangonel ×2
Feudal
13:44
Castle
17:23
Imperial
30:46
| APM avg | 51.0 |
| APM peak | 93 |
| eAPM avg | 28.8 |
| Villagers / military | 113 / 37 |
Focus
⚔️ 26.2% · 🌾 73.8%
Fishing Ship ×41 · Urumi Swordsman ×20 · Mangonel ×11 · Trebuchet (Packed) ×5 · Armored Elephant ×1
Feudal
13:29
Castle
17:14
Imperial
31:53
| APM avg | 44.9 |
| APM peak | 82 |
| eAPM avg | 28.2 |
| Villagers / military | 135 / 162 |
Focus
⚔️ 29.9% · 🌾 70.1%
Kamayuk ×154 · Unknown (2626) ×16 · Fishing Ship ×14 · Trebuchet (Packed) ×5 · Petard ×3
Feudal
13:11
Castle
16:57
Imperial
35:10
| APM avg | 40.0 |
| APM peak | 64 |
| eAPM avg | 23.3 |
| Villagers / military | 164 / 101 |
Focus
⚔️ 24.2% · 🌾 75.8%
Knight ×75 · Mangonel ×13 · Fishing Ship ×13 · Monk ×4 · Serjeant ×4 · Trebuchet (Packed) ×3
Match map
Initial resources + every placement click. Lines = walls · curves = elevation contours. ◆ gold · ⬟ stone · ● berries · ✦ relic · ◌ wall gap
Your base· Open — unwalled flank
Hasman's base· Open — 9t gap
LuckAss's base· Open — 7t gap
Elnath's base· Open — 5t gap
Smoothed initial terrain · ◌ = detected wall gap · hover for details
Inputs per minute
— BeefBro - - Hasman
Build order — BeefBro
First 150 of 418 actions detected
| 0:26 | Build | Town Center |
| 0:31 | Build | Dock |
| 0:32 | Build | House |
| 2:32 | Queue | Villager (Male) ×5 |
| 2:32 | Queue | Villager (Male) ×5 |
| 2:47 | Queue | Fishing Ship |
| 2:47 | Queue | Fishing Ship |
| 3:31 | Build | House |
| 4:04 | Queue | Fishing Ship |
| 4:04 | Queue | Fishing Ship |
| 4:05 | Queue | Villager (Male) |
| 4:05 | Queue | Villager (Male) |
| 4:32 | Research | Loom |
| 4:32 | Research | Loom |
| 4:47 | Queue | Fishing Ship |
| 4:47 | Queue | Fishing Ship |
| 4:52 | Queue | Villager (Male) |
| 4:52 | Queue | Villager (Male) |
| 5:31 | Queue | Fishing Ship |
| 5:37 | Queue | Villager (Male) |
| 5:42 | Build | House |
| 5:59 | Queue | Villager (Male) |
| 5:59 | Queue | Villager (Male) |
| 6:15 | Queue | Villager (Male) |
| 6:15 | Queue | Villager (Male) |
| 6:34 | Queue | Fishing Ship |
| 6:34 | Queue | Fishing Ship |
| 6:46 | Build | House |
| 6:47 | Queue | Villager (Male) |
| 7:06 | Queue | Fishing Ship |
| 7:06 | Queue | Fishing Ship |
| 7:10 | Queue | Villager (Male) |
| 7:10 | Queue | Villager (Male) |
| 7:11 | Queue | Villager (Male) |
| 7:32 | Build | House |
| 7:32 | Build | Palisade Wall |
| 7:33 | Build | Palisade Wall |
| 7:34 | Build | Palisade Wall |
| 7:36 | Queue | Villager (Male) |
| 7:36 | Queue | Villager (Male) |
| 7:36 | Queue | Villager (Male) |
| 7:54 | Queue | Fishing Ship |
| 7:58 | Queue | Villager (Male) |
| 7:58 | Queue | Villager (Male) |
| 7:58 | Queue | Villager (Male) |
| 8:19 | Build | Palisade Wall |
| 8:25 | Build | House |
| 8:26 | Queue | Fishing Ship |
| 8:55 | Queue | Fishing Ship |
| 9:09 | Build | House |
| 9:34 | Queue | Villager (Male) |
| 9:39 | Queue | Fishing Ship |
| 9:50 | Queue | Villager (Male) |
| 9:58 | Build | Palisade Wall |
| 9:59 | Build | Palisade Gate |
| 10:12 | Build | Dock |
| 10:15 | Queue | Villager (Male) |
| 10:21 | Queue | Fishing Ship |
| 10:41 | Queue | Villager (Male) |
| 10:54 | Queue | Villager (Male) |
| 11:01 | Build | Lumber Camp |
| 11:09 | Queue | Fishing Ship |
| 11:24 | Research | Feudal Age |
| 11:24 | Research | Feudal Age |
| 11:55 | Build | Mill |
| 13:28 | Age | Feudal Age |
| 13:30 | Queue | Villager (Male) |
| 13:32 | Build | Blacksmith |
| 13:36 | Build | Market |
| 13:42 | Research | Double-Bit Axe |
| 13:42 | Research | Double-Bit Axe |
| 13:43 | Research | Tech 906 |
| 13:43 | Research | Tech 906 |
| 13:55 | Research | Town Watch |
| 13:55 | Research | Town Watch |
| 14:01 | Build | Outpost |
| 14:08 | Build | House |
| 14:09 | Build | House |
| 14:20 | Research | Castle Age |
| 14:20 | Research | Castle Age |
| 14:33 | Build | Outpost |
| 14:48 | Queue | Unit 2626 |
| 14:53 | Queue | Unit 2626 |
| 15:26 | Queue | Unit 2626 |
| 15:26 | Queue | Unit 2626 |
| 15:29 | Build | Outpost |
| 15:32 | Build | House |
| 15:55 | Build | Dock |
| 16:01 | Queue | Unit 2626 |
| 16:05 | Queue | Unit 2626 |
| 16:29 | Queue | Unit 2626 |
| 16:29 | Queue | Unit 2626 |
| 16:45 | Age | Castle Age |
| 16:48 | Queue | Villager (Male) |
| 16:48 | Queue | Villager (Male) |
| 16:50 | Research | Bow Saw |
| 16:51 | Research | Bow Saw |
| 16:57 | Research | War Galley (upgrade) |
| 16:57 | Research | War Galley (upgrade) |
| 17:12 | Queue | Villager (Male) |
| 17:30 | Queue | Unit 2626 |
| 17:30 | Queue | Unit 2626 |
| 17:42 | Queue | Villager (Male) |
| 18:06 | Build | Town Center |
| 18:21 | Queue | Villager (Male) |
| 18:22 | Queue | Villager (Male) |
| 18:45 | Queue | Villager (Male) |
| 19:11 | Build | Town Center |
| 19:20 | Queue | Villager (Male) |
| 19:29 | Build | House |
| 19:29 | Build | House |
| 19:30 | Build | House |
| 19:30 | Build | House |
| 19:34 | Queue | Villager (Male) |
| 19:35 | Queue | Villager (Male) |
| 19:35 | Queue | Villager (Male) |
| 19:57 | Queue | Villager (Male) |
| 19:57 | Queue | Villager (Male) |
| 19:58 | Queue | Villager (Male) |
| 20:01 | Build | Monastery |
| 20:22 | Queue | Villager (Male) |
| 20:22 | Queue | Villager (Male) |
| 20:22 | Queue | Villager (Male) |
| 20:26 | Queue | Villager (Male) |
| 20:26 | Queue | Villager (Male) |
| 20:45 | Queue | Villager (Male) |
| 20:45 | Queue | Villager (Male) |
| 20:46 | Queue | Villager (Male) |
| 20:48 | Queue | Monk |
| 20:53 | Build | Town Center |
| 21:08 | Queue | Villager (Male) |
| 21:09 | Queue | Villager (Male) |
| 21:09 | Queue | Villager (Male) |
| 21:15 | Research | Horse Collar |
| 21:15 | Research | Horse Collar |
| 21:29 | Queue | Villager (Male) |
| 21:30 | Queue | Villager (Male) |
| 21:30 | Queue | Villager (Male) |
| 21:38 | Build | Siege Workshop |
| 21:53 | Queue | Monk |
| 22:12 | Queue | Monk |
| 22:13 | Queue | Villager (Male) |
| 22:13 | Queue | Villager (Male) |
| 22:14 | Queue | Villager (Male) |
| 22:23 | Build | Mining Camp |
| 22:23 | Queue | Villager (Male) |
| 22:24 | Queue | Villager (Male) |
| 22:24 | Queue | Villager (Male) |
| 22:32 | Queue | Mangonel |
| 22:54 | Queue | Villager (Male) |
Build order — Hasman
First 150 of 271 actions detected
| 0:23 | Build | Town Center |
| 1:19 | Build | Dock |
| 1:22 | Build | Palisade Wall |
| 1:23 | Build | Palisade Wall |
| 1:24 | Build | Palisade Wall |
| 2:31 | Queue | Villager (Male) |
| 2:31 | Queue | Villager (Male) |
| 2:31 | Queue | Villager (Male) |
| 2:32 | Queue | Villager (Male) |
| 3:44 | Queue | Fishing Ship |
| 3:59 | Queue | Villager (Male) |
| 4:18 | Build | House |
| 4:26 | Queue | Villager (Male) |
| 4:33 | Research | Loom |
| 4:33 | Queue | Villager (Male) |
| 5:13 | Queue | Villager (Male) |
| 5:21 | Queue | Fishing Ship |
| 5:37 | Queue | Villager (Male) |
| 5:47 | Queue | Villager (Male) |
| 5:53 | Build | House |
| 6:26 | Build | House |
| 6:31 | Queue | Villager (Male) |
| 6:31 | Queue | Villager (Male) |
| 6:48 | Queue | Fishing Ship |
| 7:00 | Queue | Villager (Male) |
| 7:17 | Queue | Villager (Male) |
| 7:21 | Queue | Villager (Male) |
| 7:22 | Queue | Villager (Male) |
| 7:30 | Queue | Fishing Ship |
| 7:47 | Queue | Fishing Ship |
| 8:05 | Build | House |
| 8:06 | Build | Palisade Wall |
| 8:11 | Build | House |
| 8:11 | Build | Palisade Wall |
| 8:19 | Queue | Villager (Male) |
| 8:32 | Queue | Villager (Male) |
| 8:46 | Build | Palisade Wall |
| 8:54 | Queue | Fishing Ship |
| 8:57 | Build | Palisade Wall |
| 8:59 | Build | Palisade Wall |
| 9:07 | Queue | Villager (Male) |
| 9:17 | Queue | Villager (Male) |
| 9:27 | Queue | Villager (Male) |
| 9:32 | Build | Dock |
| 9:37 | Queue | Fishing Ship |
| 9:39 | Queue | Villager (Male) |
| 10:09 | Queue | Villager (Male) |
| 10:12 | Queue | Fishing Ship |
| 10:37 | Queue | Villager (Male) |
| 10:39 | Queue | Fishing Ship |
| 10:39 | Queue | Fishing Ship |
| 11:04 | Build | Lumber Camp |
| 11:34 | Research | Feudal Age |
| 11:41 | Build | Outpost |
| 11:59 | Build | Mining Camp |
| 12:02 | Build | Palisade Wall |
| 12:45 | Build | Mill |
| 13:18 | Build | Palisade Wall |
| 13:21 | Build | Palisade Wall |
| 13:23 | Queue | Villager (Male) |
| 13:37 | Build | House |
| 13:44 | Age | Feudal Age |
| 13:45 | Build | Market |
| 13:48 | Build | Blacksmith |
| 14:00 | Build | Watch Tower |
| 14:03 | Queue | Villager (Male) |
| 14:08 | Build | Outpost |
| 14:16 | Queue | Fishing Ship |
| 14:16 | Queue | Fishing Ship |
| 14:31 | Build | Palisade Wall |
| 14:43 | Research | Castle Age |
| 14:57 | Build | House |
| 15:02 | Research | Double-Bit Axe |
| 15:03 | Research | Double-Bit Axe |
| 15:34 | Research | Tech 906 |
| 15:35 | Research | Tech 906 |
| 15:52 | Research | Gold Mining |
| 15:54 | Research | Stone Mining |
| 16:34 | Research | Town Watch |
| 16:51 | Queue | Villager (Male) |
| 17:00 | Build | Outpost |
| 17:04 | Queue | Villager (Male) |
| 17:23 | Age | Castle Age |
| 17:34 | Build | Castle |
| 17:54 | Queue | Villager (Male) |
| 18:28 | Build | Siege Workshop |
| 18:29 | Queue | Urumi Swordsman |
| 18:29 | Queue | Urumi Swordsman |
| 18:39 | Research | Gold Mining |
| 18:43 | Queue | Urumi Swordsman |
| 19:00 | Queue | Mangonel |
| 19:20 | Queue | Villager (Male) |
| 19:26 | Queue | Villager (Male) |
| 20:00 | Build | Dock |
| 20:09 | Queue | Mangonel |
| 20:16 | Research | Scale Mail Armor |
| 20:23 | Build | Lumber Camp |
| 20:29 | Queue | Villager (Male) |
| 20:30 | Queue | Villager (Male) |
| 20:38 | Queue | Villager (Male) |
| 20:45 | Queue | Villager (Male) |
| 20:47 | Queue | Villager (Male) |
| 21:20 | Queue | Villager (Male) |
| 21:29 | Queue | Mangonel |
| 21:32 | Queue | Villager (Male) |
| 21:35 | Build | Watch Tower |
| 21:43 | Research | Fletching |
| 21:54 | Queue | Villager (Male) |
| 22:22 | Queue | Villager (Male) |
| 22:24 | Queue | Mangonel |
| 22:49 | Queue | Armored Elephant |
| 23:04 | Queue | Villager (Male) |
| 23:09 | Research | Bodkin Arrow |
| 23:09 | Research | Bodkin Arrow |
| 23:36 | Build | Lumber Camp |
| 24:10 | Queue | Villager (Male) |
| 25:18 | Queue | Villager (Male) |
| 25:33 | Build | Market |
| 25:36 | Queue | Villager (Male) |
| 25:39 | Queue | Villager (Male) |
| 26:20 | Build | Town Center |
| 26:24 | Queue | Villager (Male) |
| 27:10 | Queue | Mangonel |
| 27:36 | Research | Imperial Age |
| 27:42 | Queue | Mangonel |
| 28:12 | Queue | Mangonel |
| 28:46 | Queue | Mangonel |
| 29:43 | Queue | Villager (Male) |
| 29:52 | Queue | Mangonel |
| 30:46 | Age | Imperial Age |
| 30:49 | Queue | Trebuchet (Packed) |
| 31:35 | Queue | Villager (Male) |
| 31:35 | Queue | Villager (Male) |
| 31:41 | Build | Town Center |
| 31:43 | Queue | Villager (Male) |
| 31:50 | Queue | Trebuchet (Packed) |
| 31:52 | Queue | Villager (Male) |
| 31:54 | Queue | Villager (Male) |
| 32:03 | Research | Bow Saw |
| 32:07 | Queue | Villager (Male) |
| 32:09 | Queue | Villager (Male) |
| 32:19 | Queue | Villager (Male) |
| 32:40 | Queue | Trebuchet (Packed) |
| 32:53 | Build | Dock |
| 32:54 | Queue | Fishing Ship |
| 32:54 | Queue | Fishing Ship |
| 32:55 | Queue | Fishing Ship |
| 33:18 | Queue | Villager (Male) |
| 33:36 | Queue | Villager (Male) |
| 33:42 | Queue | Villager (Male) |
Build order — LuckAss
First 150 of 444 actions detected
| 0:05 | Build | Town Center |
| 1:43 | Build | Dock |
| 2:25 | Queue | Villager (Male) |
| 2:26 | Queue | Villager (Male) |
| 2:26 | Queue | Villager (Male) |
| 2:26 | Queue | Villager (Male) |
| 3:20 | Queue | Fishing Ship |
| 3:54 | Build | House |
| 4:00 | Research | Loom |
| 4:22 | Queue | Villager (Male) |
| 4:37 | Queue | Fishing Ship |
| 4:38 | Queue | Fishing Ship |
| 4:49 | Queue | Villager (Male) |
| 5:25 | Queue | Villager (Male) |
| 5:28 | Queue | Fishing Ship |
| 5:49 | Queue | Villager (Male) |
| 6:04 | Queue | Villager (Male) |
| 6:19 | Queue | Fishing Ship |
| 6:19 | Queue | Fishing Ship |
| 6:27 | Build | House |
| 6:30 | Queue | Villager (Male) |
| 6:46 | Queue | Villager (Male) |
| 6:59 | Build | Palisade Wall |
| 7:05 | Queue | Fishing Ship |
| 7:22 | Build | House |
| 7:34 | Queue | Villager (Male) |
| 7:35 | Queue | Villager (Male) |
| 7:40 | Queue | Fishing Ship |
| 7:52 | Queue | Villager (Male) |
| 7:52 | Queue | Villager (Male) |
| 8:10 | Queue | Villager (Male) |
| 8:20 | Queue | Fishing Ship |
| 8:31 | Queue | Villager (Male) |
| 9:00 | Build | Dock |
| 9:07 | Queue | Fishing Ship |
| 9:11 | Queue | Villager (Male) |
| 9:11 | Queue | Villager (Male) |
| 9:42 | Queue | Fishing Ship |
| 10:10 | Queue | Villager (Male) |
| 10:29 | Queue | Fishing Ship |
| 10:43 | Build | Settlement |
| 10:48 | Queue | Villager (Male) |
| 11:10 | Queue | Fishing Ship |
| 11:11 | Research | Feudal Age |
| 11:50 | Build | Settlement |
| 12:01 | Queue | Fishing Ship |
| 12:43 | Queue | Villager (Male) |
| 13:29 | Age | Feudal Age |
| 13:33 | Build | Market |
| 13:35 | Build | Blacksmith |
| 13:49 | Build | Settlement |
| 13:52 | Queue | Villager (Male) |
| 13:57 | Queue | Unit 2626 |
| 14:11 | Queue | Unit 2626 |
| 14:34 | Research | Castle Age |
| 14:40 | Research | Tech 906 |
| 15:00 | Research | Double-Bit Axe |
| 15:00 | Research | Double-Bit Axe |
| 15:19 | Research | Town Watch |
| 15:36 | Queue | Unit 2626 |
| 15:36 | Queue | Unit 2626 |
| 15:44 | Queue | Unit 2626 |
| 16:41 | Build | Dock |
| 17:14 | Age | Castle Age |
| 17:15 | Queue | Villager (Male) |
| 17:20 | Build | Castle |
| 17:32 | Queue | Villager (Male) |
| 17:43 | Research | War Galley (upgrade) |
| 17:51 | Queue | Unit 2626 |
| 17:51 | Queue | Unit 2626 |
| 18:04 | Queue | Villager (Male) |
| 18:13 | Queue | Villager (Male) |
| 18:33 | Queue | Villager (Male) |
| 18:43 | Queue | Unit 2626 |
| 18:43 | Queue | Unit 2626 |
| 18:49 | Research | Forging |
| 18:51 | Queue | Villager (Male) |
| 19:30 | Queue | Unit 2626 |
| 19:30 | Queue | Unit 2626 |
| 19:31 | Queue | Unit 2626 |
| 19:37 | Queue | Kamayuk |
| 19:37 | Queue | Kamayuk |
| 19:44 | Research | Iron Casting |
| 20:01 | Queue | Villager (Male) |
| 20:21 | Queue | Villager (Male) |
| 20:23 | Queue | Kamayuk |
| 20:24 | Queue | Kamayuk |
| 20:25 | Queue | Villager (Male) |
| 20:33 | Build | Town Center |
| 21:00 | Queue | Unit 2626 |
| 21:00 | Queue | Unit 2626 |
| 21:02 | Queue | Villager (Male) |
| 21:05 | Queue | Kamayuk |
| 21:11 | Queue | Villager (Male) |
| 21:25 | Research | Gillnets |
| 21:51 | Queue | Kamayuk |
| 21:51 | Queue | Kamayuk |
| 21:58 | Queue | Villager (Male) |
| 22:00 | Research | Scale Mail Armor |
| 22:11 | Queue | Villager (Male) |
| 22:17 | Build | Farm |
| 22:18 | Build | Farm |
| 22:19 | Research | Horse Collar |
| 22:37 | Build | Farm |
| 22:38 | Build | Farm |
| 22:40 | Build | Farm |
| 22:41 | Build | Farm |
| 22:43 | Build | Farm |
| 22:44 | Build | Farm |
| 22:45 | Build | Farm |
| 22:48 | Queue | Villager (Male) |
| 23:17 | Queue | Villager (Male) |
| 23:18 | Queue | Villager (Male) |
| 23:20 | Build | Farm |
| 23:20 | Build | Farm |
| 23:22 | Queue | Villager (Male) |
| 23:26 | Build | Settlement |
| 23:28 | Queue | Villager (Male) |
| 23:32 | Queue | Kamayuk |
| 23:43 | Research | Gold Mining |
| 23:51 | Build | House |
| 23:52 | Queue | Villager (Male) |
| 23:55 | Build | Farm |
| 23:58 | Queue | Villager (Male) |
| 24:05 | Queue | Villager (Male) |
| 24:11 | Research | Wheelbarrow |
| 24:26 | Queue | Kamayuk |
| 24:28 | Queue | Villager (Male) |
| 24:30 | Build | Farm |
| 24:39 | Queue | Villager (Male) |
| 24:43 | Build | Farm |
| 24:45 | Build | Farm |
| 24:53 | Build | Outpost |
| 24:54 | Queue | Villager (Male) |
| 24:59 | Build | House |
| 25:18 | Queue | Villager (Male) |
| 25:20 | Build | Farm |
| 25:39 | Queue | Villager (Male) |
| 25:40 | Queue | Villager (Male) |
| 25:44 | Build | Dock |
| 25:47 | Queue | Kamayuk |
| 25:47 | Queue | Kamayuk |
| 25:54 | Queue | Villager (Male) |
| 26:00 | Build | House |
| 26:03 | Queue | Kamayuk |
| 26:04 | Queue | Villager (Male) |
| 26:07 | Build | Barracks |
| 26:08 | Queue | Villager (Male) |
| 26:27 | Queue | Villager (Male) |
| 26:34 | Queue | Unit 2626 |
Build order — Elnath
First 150 of 444 actions detected
| 0:17 | Build | Town Center |
| 0:37 | Build | House |
| 1:37 | Build | Dock |
| 2:29 | Queue | Villager (Male) |
| 2:29 | Queue | Villager (Male) |
| 2:29 | Queue | Villager (Male) |
| 2:43 | Queue | Villager (Male) |
| 3:29 | Queue | Fishing Ship |
| 3:36 | Research | Loom |
| 3:45 | Queue | Villager (Male) |
| 4:09 | Build | House |
| 4:10 | Queue | Villager (Male) |
| 4:53 | Queue | Fishing Ship |
| 4:53 | Queue | Fishing Ship |
| 5:06 | Queue | Villager (Male) |
| 5:28 | Queue | Villager (Male) |
| 5:55 | Queue | Fishing Ship |
| 6:00 | Queue | Villager (Male) |
| 6:00 | Queue | Villager (Male) |
| 6:24 | Queue | Fishing Ship |
| 6:27 | Queue | Villager (Male) |
| 6:36 | Build | House |
| 6:55 | Queue | Villager (Male) |
| 7:15 | Queue | Fishing Ship |
| 7:23 | Queue | Villager (Male) |
| 7:37 | Build | House |
| 7:42 | Queue | Villager (Male) |
| 8:07 | Queue | Villager (Male) |
| 8:11 | Queue | Fishing Ship |
| 8:15 | Queue | Villager (Male) |
| 8:34 | Build | Dock |
| 8:39 | Queue | Villager (Male) |
| 9:01 | Build | House |
| 9:02 | Queue | Villager (Male) |
| 9:05 | Queue | Fishing Ship |
| 9:15 | Queue | Villager (Male) |
| 9:26 | Queue | Fishing Ship |
| 9:39 | Queue | Villager (Male) |
| 9:55 | Queue | Fishing Ship |
| 10:19 | Queue | Villager (Male) |
| 10:24 | Build | House |
| 10:32 | Build | Lumber Camp |
| 11:01 | Research | Feudal Age |
| 11:03 | Queue | Fishing Ship |
| 11:30 | Build | Mining Camp |
| 12:08 | Build | Mill |
| 12:36 | Queue | Villager (Male) |
| 12:54 | Build | Outpost |
| 13:11 | Age | Feudal Age |
| 13:22 | Build | Market |
| 13:25 | Research | Wheelbarrow |
| 13:25 | Research | Town Watch |
| 13:37 | Build | Blacksmith |
| 14:17 | Research | Castle Age |
| 14:21 | Build | House |
| 14:23 | Build | House |
| 14:25 | Build | Palisade Wall |
| 14:26 | Build | Palisade Wall |
| 14:37 | Research | Double-Bit Axe |
| 15:21 | Queue | Villager (Male) |
| 16:57 | Age | Castle Age |
| 17:03 | Build | Siege Workshop |
| 17:06 | Build | Monastery |
| 17:12 | Build | Town Center |
| 17:27 | Queue | Villager (Male) |
| 17:29 | Research | Bow Saw |
| 17:38 | Queue | Mangonel |
| 17:44 | Queue | Monk |
| 18:10 | Build | House |
| 18:12 | Queue | Villager (Male) |
| 18:18 | Research | Wheelbarrow |
| 18:27 | Queue | Villager (Male) |
| 18:30 | Queue | Villager (Male) |
| 18:43 | Queue | Mangonel |
| 18:49 | Queue | Villager (Male) |
| 18:59 | Queue | Villager (Male) |
| 19:05 | Queue | Monk |
| 19:17 | Queue | Villager (Male) |
| 19:29 | Build | Dock |
| 19:38 | Queue | Scorpion |
| 19:54 | Queue | Villager (Male) |
| 20:14 | Queue | Mangonel |
| 20:17 | Queue | Villager (Male) |
| 20:18 | Queue | Villager (Male) |
| 20:21 | Queue | Villager (Male) |
| 20:26 | Queue | Fishing Ship |
| 20:30 | Research | Tech 906 |
| 20:31 | Queue | Villager (Male) |
| 20:36 | Build | House |
| 20:38 | Queue | Villager (Male) |
| 20:44 | Build | House |
| 20:45 | Queue | Villager (Male) |
| 20:51 | Queue | Monk |
| 20:56 | Queue | Villager (Male) |
| 21:00 | Queue | Villager (Male) |
| 21:22 | Queue | Scorpion |
| 21:28 | Queue | Villager (Male) |
| 21:31 | Build | Outpost |
| 21:32 | Queue | Villager (Male) |
| 21:36 | Queue | Villager (Male) |
| 21:41 | Queue | Villager (Male) |
| 21:44 | Build | Town Center |
| 21:49 | Queue | Villager (Male) |
| 21:55 | Queue | Mangonel |
| 22:14 | Queue | Villager (Male) |
| 22:48 | Queue | Villager (Male) |
| 22:50 | Queue | Mangonel |
| 22:51 | Queue | Villager (Male) |
| 22:57 | Queue | Villager (Male) |
| 22:58 | Queue | Villager (Male) |
| 23:07 | Queue | Villager (Male) |
| 23:09 | Build | House |
| 23:10 | Queue | Villager (Male) |
| 23:14 | Build | Mill |
| 23:15 | Queue | Villager (Male) |
| 23:18 | Queue | Fishing Ship |
| 23:31 | Build | House |
| 23:33 | Research | Horse Collar |
| 23:33 | Queue | Villager (Male) |
| 23:35 | Build | Mining Camp |
| 23:37 | Queue | Villager (Male) |
| 23:52 | Queue | Villager (Male) |
| 23:59 | Queue | Mangonel |
| 24:01 | Queue | Villager (Male) |
| 24:04 | Queue | Villager (Male) |
| 24:09 | Queue | Villager (Male) |
| 24:18 | Queue | Villager (Male) |
| 24:30 | Queue | Mangonel |
| 24:33 | Build | House |
| 24:36 | Queue | Villager (Male) |
| 24:40 | Queue | Monk |
| 24:42 | Queue | Villager (Male) |
| 24:46 | Build | Mining Camp |
| 24:49 | Build | Town Center |
| 24:51 | Queue | Villager (Male) |
| 25:14 | Queue | Mangonel |
| 25:18 | Queue | Villager (Male) |
| 25:23 | Queue | Villager (Male) |
| 25:38 | Queue | Villager (Male) |
| 25:41 | Build | Farm |
| 25:41 | Build | Farm |
| 25:41 | Build | Farm |
| 25:41 | Build | Farm |
| 25:42 | Build | Farm |
| 25:43 | Queue | Villager (Male) |
| 25:49 | Build | House |
| 26:01 | Queue | Villager (Male) |
| 26:03 | Queue | Villager (Male) |
| 26:29 | Build | Outpost |
| 26:30 | Queue | Villager (Male) |
Match timeline
| 0:31 | BeefBro · first_building Dock |
| 1:19 | Hasman · first_building Dock |
| 1:22 | Hasman · wall_segment Palisade Wall x1 |
| 1:23 | Hasman · wall_segment Palisade Wall x1 |
| 1:24 | Hasman · wall_segment Palisade Wall x1 |
| 1:37 | Elnath · first_building Dock |
| 1:43 | LuckAss · first_building Dock |
| 6:59 | LuckAss · wall_segment Palisade Wall x1 |
| 7:32 | BeefBro · wall_segment Palisade Wall x1 |
| 7:33 | BeefBro · wall_segment Palisade Wall x1 |
| 7:34 | BeefBro · wall_segment Palisade Wall x1 |
| 8:06 | Hasman · wall_segment Palisade Wall x3 |
| 8:11 | Hasman · wall_segment Palisade Wall x1 |
| 8:19 | BeefBro · wall_segment Palisade Wall x1 |
| 8:46 | Hasman · wall_segment Palisade Wall x1 |
| 8:57 | Hasman · wall_segment Palisade Wall x2 |
| 8:59 | Hasman · wall_segment Palisade Wall x5 |
| 9:58 | BeefBro · wall_segment Palisade Wall x2 |
| 12:02 | Hasman · wall_segment Palisade Wall x1 |
| 13:11 | Elnath · age_up feudal |
| 13:18 | Hasman · wall_segment Palisade Wall x1 |
| 13:21 | Hasman · wall_segment Palisade Wall x1 |
| 13:28 | BeefBro · age_up feudal |
| 13:29 | LuckAss · age_up feudal |
| 13:44 | Hasman · age_up feudal |
| 14:25 | Elnath · wall_segment Palisade Wall x1 |
| 14:26 | Elnath · wall_segment Palisade Wall x1 |
| 14:31 | Hasman · wall_segment Palisade Wall x4 |
| 14:35 | Hasman · first_market_sell 100 wood |
| 14:38 | Hasman · first_market_buy 100 food |
| 16:45 | BeefBro · age_up castle |
| 16:57 | Elnath · age_up castle |
| 17:03 | Elnath · first_building Siege Workshop |
| 17:06 | Elnath · first_building Monastery |
| 17:14 | LuckAss · age_up castle |
| 17:20 | LuckAss · first_building Castle |
| 17:23 | Hasman · age_up castle |
| 17:34 | Hasman · first_building Castle |
| 17:37 | Elnath · first_market_buy 100 wood |
| 18:28 | Hasman · first_building Siege Workshop |
| 19:07 | BeefBro · first_market_buy 100 stone |
| 19:41 | LuckAss · first_market_sell 100 food |
| 20:01 | BeefBro · first_building Monastery |
| 21:38 | BeefBro · first_building Siege Workshop |
| 24:56 | BeefBro · first_building Castle |
| 26:07 | LuckAss · first_building Barracks |
| 28:06 | LuckAss · first_market_buy 100 food |
| 28:14 | BeefBro · first_market_sell 100 food |
| 28:35 | LuckAss · first_building Siege Workshop |
| 30:46 | Hasman · age_up imperial |
| 31:53 | LuckAss · age_up imperial |
| 32:43 | BeefBro · first_building Barracks |
| 33:02 | Elnath · first_building Castle |
| 33:23 | BeefBro · first_building Stable |
| 34:26 | Elnath · first_building Barracks |
| 35:10 | Elnath · age_up imperial |
| 35:19 | Elnath · first_building Stable |
| 39:09 | LuckAss · first_building Monastery |
| 42:42 | Elnath · tribute_sent a jugador 1 |
| 42:42 | Elnath · tribute_sent a jugador 2 |
| 42:42 | Elnath · tribute_sent a jugador 3 |
| 43:30 | LuckAss · wall_segment Stone Wall x16 |
| 44:30 | LuckAss · wall_segment Stone Wall x14 |
| 44:51 | Elnath · first_market_sell 100 food |
| 45:06 | LuckAss · wall_segment Stone Wall x14 |
| 46:42 | Elnath · resign |
| 46:48 | LuckAss · wall_segment Stone Wall x16 |
[ AI ANALYSIS · 1 CREDIT ]
What really happened in this match?
Wolo.gg analyzes every decision: build order, eco, micro, common mistakes by bracket. Personalized analysis on WhatsApp or Discord in 30 seconds.
Civ guide
Persians
Perfil
Jugador #6131444